 Dungeon Crawl Stone Soup version 0.27-a0-1548-gf8a67e7463 (webtiles) character file.

Game seed: 10554109895154196311

288 lunkers the Magician (level 6, 0/43 HPs)
             Began as a Djinni Warper on July 13, 2021.
             Slain by an orc warrior (18 damage)
             ... on level 4 of the Dungeon.
             The game lasted 00:07:55 (4906 turns).

lunkers the Magician (Djinni Warper)                Turns: 4906, Time: 00:07:56

Health: 0/43       AC:  3    Str: 10    XL:     6   Next: 57%
Gold:   116        EV: 11    Int: 16    God:
                   SH:  0    Dex: 13

rFire    + + .     SeeInvis .     - Unarmed
rCold    x . .     Faith    .   (no shield)
rNeg     . . .     Spirit   .   a - +0 leather armour
rPois    ∞         Reflect  .   (no helmet)
rElec    .         Harm     .   (no cloak)
rCorr    .         Rampage  .   (no gloves)
Will     .....                  (boots unavailable)
Stlth    +.........             (no amulet)
HPRegen  0.14/turn              (no ring)
MPRegen  0.00/turn              (no ring)

@: flying, very slightly contaminated
A: sickness immunity, fire resistance 2, cold vulnerability 1, float, innate
caster, hp casting, extra vitality 1
a: no special abilities


You were on level 4 of the Dungeon.
You visited 1 branch of the dungeon, and saw 4 of its levels.

You collected 116 gold pieces.

Inventory:

Missiles
 c - 5 boomerangs of dispersal
 f - 4 boomerangs
Armour
 a - a +0 leather armour (worn)
Jewellery
 h - a ring of poison resistance
Scrolls
 b - 2 scrolls of blinking
 g - a scroll of holy word {unknown}
 i - 3 scrolls of enchant armour {unknown}
 j - 2 scrolls of amnesia {unknown}
 l - 2 scrolls of identify {unknown}
 m - a scroll of fog {unknown}
Potions
 d - 4 potions of curing {unknown}
 e - a potion of brilliance {unknown}
 k - 2 potions of cancellation {unknown}


   Skills:
 - Level 2.0 Fighting
 - Level 0.7 Throwing
 - Level 1.0 Armour
 - Level 2.1 Dodging
 - Level 3.5 Unarmed Combat
 * Level 4.7 Spellcasting


You couldn't memorise any spells.
You knew the following spells:

 Your Spells              Type           Power      Damage    Failure   Level
a - Shock                 Conj/Air       76%        1d7       3%          1
b - Lesser Beckoning      Tloc           9%         N/A       9%          3
c - Gell's Gravitas       Tloc           9%         N/A       9%          3
d - Teleport Other        Tloc           19%        N/A       9%          3
e - Manifold Assault      Tloc           19%        N/A       63%         5
f - Static Discharge      Conj/Air       19%        N/A       4%          2
p - Blink                 Tloc           N/A        N/A       4%          2
Your spell library was empty.

Dungeon Overview and Level Annotations

Branches:
Dungeon (4/15)
 Temple: D:4-7

Altars:
Hepliaklqana

Shops:
D:4 !


Innate Abilities, Weirdness & Mutations

You are immune to sickness and miasma.
You are immune to poison.
Your flesh is very heat resistant. (rF++)
You are vulnerable to cold. (rC-)
You float through the air rather than walking.
You learn spells naturally, not from books.
Your magical power is your life essence.
You have superior vitality. (+4 HP)


Message History

The zap hits the orc warrior.
The orc warrior is lightly wounded.
Casting: Shock (safe; 3% risk of failure)
Confirm with . or Enter, or press ? or * to list all spells.
The zap hits the orc warrior.
The orc warrior is moderately wounded.
Casting: Shock (safe; 3% risk of failure)
Confirm with . or Enter, or press ? or * to list all spells.
The zap hits the orc warrior.
The orc warrior is moderately wounded.
Casting: Shock (safe; 3% risk of failure)
Confirm with . or Enter, or press ? or * to list all spells.
The zap hits the orc warrior but does no damage.
The orc warrior is moderately wounded.
Casting: Shock (safe; 3% risk of failure)
Confirm with . or Enter, or press ? or * to list all spells.
You miscast Shock.
You are very lightly contaminated with residual magic.
Nothing appears to happen.
Things that are here:
a +0 whip; a gnoll corpse
Casting: Shock (safe; 3% risk of failure)
Confirm with . or Enter, or press ? or * to list all spells.
The zap hits the orc warrior.
The orc warrior is heavily wounded.
The orc warrior hits you with a +0 scimitar!
* * * LOW HITPOINT WARNING * * *
Things that are here:
a +0 spear; a gnoll skeleton You are too injured to fight recklessly!
Casting: Shock (safe; 3% risk of failure)
Confirm with . or Enter, or press ? or * to list all spells.
The orc warrior is struck by an arc of lightning!
The orc warrior is severely wounded.
You are struck by an arc of lightning.
* * * LOW HITPOINT WARNING * * *
The lightning grounds out.
* * * LOW HITPOINT WARNING * * *
The orc warrior hits you with a +0 scimitar!!
You die...

...... #######.#.#
...^.#...#
#####..#..########
..................
#####..#.#.##.#####..
#.....#.##...))...
########.###....######.
#.....@o........+
#....####.###...#
#....####.# #..##
####.........# ##+#
#8..)8........
###.............
#....<...........
###................
#8...∩...8........


You could see an orc warrior.

Vanquished Creatures
  2 hounds (D:3)
  An orc wizard (D:2)
  4 gnolls
  7 adders
  A shadow imp (D:3)
  3 worms (D:2)
  5 orcs
  6 bats
  6 endoplasms
  4 giant cockroaches
  3 goblins (D:2)
  7 hobgoblins
  12 jackals
  2 quokkas
  7 ball pythons
  2 frilled lizards (D:1)
  6 kobolds
  4 rats
82 creatures vanquished.

Vanquished Creatures (others)
  2 plants (D:1)
2 creatures vanquished.

Grand Total: 84 creatures vanquished

Notes
Turn   | Place    | Note
-------+----------+-------------------------------------------
     0 | D:1      | lunkers the Djinni Warper began the quest for the Orb.
     0 | D:1      | Reached XP level 1. HP: 18/18 MP: 0/0
    11 | D:1      | Found a hazy altar of Hepliaklqana.
   151 | D:1      | Found a faded altar of an unknown god.
   227 | D:1      | Reached XP level 2. HP: 17/23 MP: 0/0
  1368 | D:1      | Reached XP level 3. HP: 16/28 MP: 0/0
  1368 | D:1      | Learned a level 1 spell: Shock
  2080 | D:2      | Reached skill level 3 in Spellcasting
  2080 | D:2      | Reached XP level 4. HP: 18/33 MP: 0/0
  2666 | D:2      | Reached XP level 5. HP: 34/38 MP: 0/0
  2666 | D:2      | Learned a level 2 spell: Static Discharge
  3801 | D:3      | Reached skill level 4 in Spellcasting
  3812 | D:3      | Reached XP level 6. HP: 11/43 MP: 0/0
  4650 | D:4      | Found Nuunk's Distillery.
  4890 | D:4      | Noticed an orc warrior
  4906 | D:4      | Slain by an orc warrior

Illustrated notes

Levels and vault maps discovered:
D:1:      dpeg_arrival_lava_altar, layout_basic,
          shapermc_ecumenical_altar_mp_urbaneastern, minmay_misc_feat_five,
          supply_closet_lemuel, hangedman_feature_mirror,
          hangedman_decor_slide_cut, hangedman_feature_mirror
D:2:      kennysheep_six_static_rooms, layout_rooms,
          amcnicky_mini_rare_corridor_liquid
D:3:      layout_loops_ring, cheibrodos_gnoll_hut
D:4:      layout_basic, chequers_temple_overflow_statue_of_worship,
          old_standard_altar, nicolae_stop_n_shop_1, uniq_pikel, uniq_grinder

Skill      XL: |  1  2  3  4  5 |
---------------+----------------+-----
Unarmed Combat | 3 |  3.5
Spellcasting   | 3 4 |  4.7
Fighting       | |  2.0
Throwing       | |  0.7
Armour         | |  1.0
Dodging        | |  2.1

Action                   |  1- 3 |  4- 6 || total
-------------------------+-------+-------++-------
Melee: Unarmed           |    83 |       ||    83
 Cast: Shock             |    23 |   125 ||   148
       Static Discharge  |       |    11 ||    11
Armor: Leather armour    |    28 |    11 ||    39
Dodge: Dodged            |    58 |    23 ||    81

Table legend: (Time is in decaauts)
 A = Elapsed time spent in this place.
 B = Non-inter-level travel time spent in this place.
 C = Inter-level travel time spent in this place.
 D = Time resting spent in this place.
 E = Time spent auto-exploring this place.
 F = Levels seen in this place.
 G = Mean time per level.
                   A        B        C        D        E       F      G
               +--------+--------+--------+--------+--------+-----+--------+
         Total |   4905 |   4819 |     86 |    817 |   3431 |   4 | 1226.2 |
       Dungeon |   4905 |   4819 |     86 |    817 |   3431 |   4 | 1226.2 |
               +--------+--------+--------+--------+--------+-----+--------+

Top non-repeatable levels by time:
     D:1: 2183 daAuts
     D:2: 1504 daAuts
     D:3: 962 daAuts
     D:4: 255 daAuts
